MID
GREENVILLE DRIVE @ LAKE COUNTY CAPTAINS
06/01/2048
 
TOP OF THE 1ST
Greenville Drive batting - Pitching for Lake County Captains : RHP Arturo Rojas
Pitching: RHP Arturo Rojas
Batting: RHB Jim Hubbard 0-0: Called Strike
0-1: Foul Ball, location: 2F
0-2: Strikes out swinging
Batting: SHB Robert Soto 0-0: Ball
1-0: Swinging Strike
1-1: Foul Ball, location: 2F
1-2: Strikes out swinging
Batting: LHB Carlos Guerra 0-0: Ball
1-0: Ball
2-0: Called Strike
2-1: Ball
3-1: Base on Balls
Batting: LHB Danny Montoya 0-0: Called Strike
0-1: Ball
1-1: Fly out, F8 (Flyball, 89XD, EV 94.4 MPH)
Top of the 1st over - 0 runs, 0 hits, 0 errors, 1 left on base; Greenville 0 - Lake County 0
BOTTOM OF THE 1ST
Lake County Captains batting - Pitching for Greenville Drive : RHP Dan Jenkins
Pitching: RHP Dan Jenkins
Batting: RHB George Wagner 0-0: Foul Ball, location: 2F
0-1: Swinging Strike
0-2: Strikes out swinging
Batting: RHB Steve Gusman 0-0: Called Strike
0-1: Ball
1-1: SINGLE (Groundball, 56D, EV 106.2 MPH)
Batting: RHB Josh Patterson 0-0: Called Strike
Steve Gusman steals 2nd base
0-1: Swinging Strike
0-2: Foul Ball, location: 2F
0-2: Ball
1-2: Ground out 6-3 (Groundball, 6, EV 78.1 MPH)
Steve Gusman to third
Batting: LHB Jeff Palmowski 0-0: Ball
1-0: Swinging Strike
1-1: Ball
2-1: Swinging Strike
2-2: Strikes out swinging
Bottom of the 1st over - 0 runs, 1 hit, 0 errors, 1 left on base; Greenville 0 - Lake County 0
TOP OF THE 2ND
Greenville Drive batting - Pitching for Lake County Captains : RHP Arturo Rojas
Batting: RHB Alex Cardenas 0-0: Ball
1-0: Foul Ball, location: 2F
1-1: Foul Ball, location: 2F
1-2: Ball
2-2: Strikes out swinging, 2-3 out at first.
Batting: LHB Eddie Contreras 0-0: Ball
1-0: Called Strike
1-1: Swinging Strike
1-2: Strikes out looking
Batting: RHB Bobby Schimke 0-0: Ball
1-0: Ball
2-0: Called Strike
2-1: Ball
3-1: Base on Balls
Batting: RHB Ted Emmerich 0-0: Ball
1-0: Ball
2-0: Foul Ball, location: 2F
2-1: SINGLE (Groundball, 4M, EV 101.2 MPH) (infield hit)
Bobby Schimke to second
Batting: RHB Roger Mitchell 0-0: Foul Ball, location: 2F
0-1: Called Strike
0-2: Foul Ball, location: 2F
0-2: Ball
1-2: Strikes out swinging
Top of the 2nd over - 0 runs, 1 hit, 0 errors, 2 left on base; Greenville 0 - Lake County 0
BOTTOM OF THE 2ND
Lake County Captains batting - Pitching for Greenville Drive : RHP Dan Jenkins
Batting: RHB Adam McMillen 0-0: Called Strike
0-1: Ball
1-1: Swinging Strike
1-2: Ball
2-2: Ground out 5-3 (Groundball, 56S, EV 91.2 MPH)
Batting: LHB Brandon Hopper 0-0: Foul Ball, location: 2F
0-1: Foul Ball, location: 2F
0-2: Strikes out swinging
Batting: RHB Jeremy Givens 0-0: Fly out, F8 (Line Drive, 8RM, EV 109.4 MPH)
Bottom of the 2nd over - 0 runs, 0 hits, 0 errors, 0 left on base; Greenville 0 - Lake County 0
TOP OF THE 3RD
Greenville Drive batting - Pitching for Lake County Captains : RHP Arturo Rojas
Batting: RHB Jim Hubbard 0-0: Ball
1-0: Ground out U3 (Groundball, 34, EV 81.9 MPH)
Batting: SHB Robert Soto 0-0: Ball
1-0: Foul Ball, location: 2F
1-1: Ball
2-1: Ball
3-1: Base on Balls
Batting: LHB Carlos Guerra 0-0: Ball
1-0: Ball
2-0: Ball
3-0: Called Strike
3-1: Fielders Choice at 2nd, 1-6 (Groundball, 13, EV 66.9 MPH)
Batting: LHB Danny Montoya 0-0: Foul Ball, location: 2F
0-1: 2-RUN HOME RUN (Flyball, 7D, EV 97.5 MPH), Distance : 386 ft
Batting: RHB Alex Cardenas 0-0: Foul Ball, location: 2F
0-1: Ball
1-1: Ball
2-1: Foul Ball, location: 2F
2-2: Foul Ball, location: 2F
2-2: Ground out 6-3 (Groundball, 6M, EV 81.2 MPH)
Top of the 3rd over - 2 runs, 1 hit, 0 errors, 0 left on base; Greenville 2 - Lake County 0
BOTTOM OF THE 3RD
Lake County Captains batting - Pitching for Greenville Drive : RHP Dan Jenkins
Batting: RHB John Bianconi 0-0: Ground out 6-3 (Groundball, 6, EV 91.9 MPH)
Batting: RHB Anibal Casteles 0-0: Ball
1-0: Called Strike
1-1: Swinging Strike
1-2: Foul Ball, location: 2F
1-2: DOUBLE (Flyball, 8RXD, EV 96.9 MPH)
Batting: RHB George Wagner 0-0: Ball
1-0: Ball
2-0: Called Strike
2-1: Swinging Strike
2-2: Ball
3-2: Ground out 1-3 (Groundball, 13, EV 64.4 MPH)
Anibal Casteles to third
Batting: RHB Steve Gusman 0-0: Called Strike
0-1: SINGLE (Line Drive, 8RS, EV 93.1 MPH)
Anibal Casteles scores
Batting: RHB Josh Patterson 0-0: SINGLE (Groundball, 6D, EV 106.2 MPH)
Steve Gusman to second
Batting: LHB Jeff Palmowski 0-0: Ball
1-0: Called Strike
1-1: Called Strike
1-2: Foul Ball, location: 2F
1-2: Foul Ball, location: 2F
1-2: Ball
2-2: Foul Ball, location: 2F
2-2: Strikes out looking
Bottom of the 3rd over - 1 run, 3 hits, 0 errors, 2 left on base; Greenville 2 - Lake County 1
TOP OF THE 4TH
Greenville Drive batting - Pitching for Lake County Captains : RHP Arturo Rojas
Batting: LHB Eddie Contreras 0-0: Ball
1-0: Ball
2-0: Ball
3-0: Called Strike
3-1: Ground out 3-1 (Groundball, 34, EV 88.8 MPH)
Batting: RHB Bobby Schimke 0-0: Foul Ball, location: 2F
0-1: Swinging Strike
0-2: Foul Ball, location: 2F
0-2: Foul Ball, location: 2F
0-2: Ball
1-2: SINGLE (Groundball, 34D, EV 96.2 MPH)
Batting: RHB Ted Emmerich 0-0: Swinging Strike
0-1: Called Strike
0-2: Ball
1-2: Strikes out swinging
Batting: RHB Roger Mitchell 0-0: Swinging Strike
0-1: Ball
1-1: Foul Ball, location: 2F
1-2: Strikes out swinging
Top of the 4th over - 0 runs, 1 hit, 0 errors, 1 left on base; Greenville 2 - Lake County 1
BOTTOM OF THE 4TH
Lake County Captains batting - Pitching for Greenville Drive : RHP Dan Jenkins
Batting: RHB Adam McMillen 0-0: SINGLE (Groundball, 6, EV 96.9 MPH)
Batting: LHB Brandon Hopper 0-0: Ball
1-0: Grounds into double play, 3-6-1 (Groundball, 23, EV 81.9 MPH)
Batting: RHB Jeremy Givens 0-0: Ball
1-0: Called Strike
1-1: SINGLE (Groundball, 6MD, EV 98.1 MPH)
Batting: RHB John Bianconi 0-0: Ground out 4-3 (Groundball, 4S, EV 91.2 MPH)
Bottom of the 4th over - 0 runs, 2 hits, 0 errors, 1 left on base; Greenville 2 - Lake County 1
TOP OF THE 5TH
Greenville Drive batting - Pitching for Lake County Captains : RHP Arturo Rojas
Batting: RHB Jim Hubbard 0-0: Ball
1-0: Called Strike
1-1: Ball
2-1: Foul Ball, location: 2F
2-2: Strikes out swinging
Batting: SHB Robert Soto 0-0: Ball
1-0: Ground out 5-3 (Groundball, 56S, EV 68.8 MPH)
Batting: LHB Carlos Guerra 0-0: Called Strike
0-1: Swinging Strike
0-2: Ball
1-2: SINGLE (Groundball, 34D, EV 96.2 MPH)
Batting: LHB Danny Montoya 0-0: Ball
Carlos Guerra steals 2nd base
1-0: Ball
2-0: Called Strike
2-1: Ground out 4-3 (Groundball, 4, EV 88.8 MPH)
Top of the 5th over - 0 runs, 1 hit, 0 errors, 1 left on base; Greenville 2 - Lake County 1
BOTTOM OF THE 5TH
Lake County Captains batting - Pitching for Greenville Drive : RHP Dan Jenkins
Batting: RHB Anibal Casteles 0-0: Ball
1-0: Foul Ball, location: 2F
1-1: Ball
2-1: Swinging Strike
2-2: Foul Ball, location: 2F
2-2: Ball
3-2: SINGLE (Groundball, 4MD, EV 95.0 MPH)
Batting: RHB George Wagner 0-0: Ball
1-0: Sac Bunt to 23 - play at first, batter OUT! 3-4
Anibal Casteles to second
Batting: RHB Steve Gusman 0-0: Ball
1-0: Foul Ball, location: 2F
1-1: Ball
2-1: Fly out, F4 (Line Drive, 4M, EV 65.6 MPH)
Batting: RHB Josh Patterson 0-0: Called Strike
0-1: Called Strike
0-2: Ball
1-2: Foul Ball, location: 2F
1-2: DOUBLE (Line Drive, 9LM, EV 108.8 MPH)
Anibal Casteles scores
Batting: LHB Jeff Palmowski 0-0: Called Strike
0-1: Ball
1-1: Fly out, F8 (Line Drive, 8LD, EV 88.8 MPH)
Bottom of the 5th over - 1 run, 2 hits, 0 errors, 1 left on base; Greenville 2 - Lake County 2
TOP OF THE 6TH
Greenville Drive batting - Pitching for Lake County Captains : RHP Arturo Rojas
Batting: RHB Alex Cardenas 0-0: Ball
1-0: Ball
2-0: Ground out 4-3 (Groundball, 4, EV 101.2 MPH)
Pitching: RHP Theodore Behr
Batting: LHB Eddie Contreras 0-0: Swinging Strike
0-1: Called Strike
0-2: Foul Ball, location: 2F
0-2: Strikes out looking
Batting: RHB Bobby Schimke 0-0: Ball
1-0: Foul Ball, location: 2F
1-1: Ground out 1-3 (Groundball, 13, EV 64.4 MPH)
Top of the 6th over - 0 runs, 0 hits, 0 errors, 0 left on base; Greenville 2 - Lake County 2
BOTTOM OF THE 6TH
Lake County Captains batting - Pitching for Greenville Drive : RHP Dan Jenkins
Batting: RHB Adam McMillen 0-0: Ball
1-0: Foul Ball, location: 2F
1-1: Ball
2-1: Swinging Strike
2-2: Strikes out swinging
Batting: LHB Brandon Hopper 0-0: Ball
1-0: Called Strike
1-1: SINGLE (Groundball, 34D, EV 105.0 MPH)
Batting: RHB Jeremy Givens 0-0: Called Strike
0-1: Foul Ball, location: 2F
0-2: Strikes out swinging
Batting: RHB John Bianconi 0-0: Foul Ball, location: 2F
0-1: Called Strike
0-2: Strikes out swinging
Bottom of the 6th over - 0 runs, 1 hit, 0 errors, 1 left on base; Greenville 2 - Lake County 2
TOP OF THE 7TH
Greenville Drive batting - Pitching for Lake County Captains : RHP Theodore Behr
Batting: RHB Ted Emmerich 0-0: Ball
1-0: Foul Ball, location: 2F
1-1: Ground out 6-3 (Groundball, 6M, EV 106.2 MPH)
Batting: RHB Roger Mitchell 0-0: Called Strike
0-1: Fly out, F4 (Line Drive, 4, EV 63.8 MPH)
Batting: RHB Jim Hubbard 0-0: Ball
1-0: DOUBLE (Line Drive, 89D, EV 99.4 MPH)
Batting: SHB Robert Soto 0-0: Called Strike
0-1: Fly out, F7 (Flyball, 78S, EV 83.8 MPH)
Top of the 7th over - 0 runs, 1 hit, 0 errors, 1 left on base; Greenville 2 - Lake County 2
BOTTOM OF THE 7TH
Lake County Captains batting - Pitching for Greenville Drive : RHP Dan Jenkins
Pitching: RHP Paul Carter
Batting: RHB Anibal Casteles 0-0: Swinging Strike
0-1: Ball
1-1: Called Strike
1-2: Ball
2-2: Strikes out swinging
Pinch Hitting: LHB Ben Rubenacker 0-0: Foul Ball, location: 2F
0-1: Foul Ball, location: 2F
0-2: Ball
1-2: Ground out 6-3 (Groundball, 6, EV 85.6 MPH)
Pinch Hitting: LHB John Shults 0-0: Called Strike
0-1: Called Strike
0-2: Strikes out swinging
Bottom of the 7th over - 0 runs, 0 hits, 0 errors, 0 left on base; Greenville 2 - Lake County 2
TOP OF THE 8TH
Greenville Drive batting - Pitching for Lake County Captains : RHP Theodore Behr
Now in LF: Carlos Salazar
Now in CF: Devon Grant
Batting: LHB Carlos Guerra 0-0: Swinging Strike
0-1: Called Strike
0-2: Foul Ball, location: 2F
0-2: Foul Ball, location: 2F
0-2: Foul Ball, location: 2F
0-2: Foul Ball, location: 2F
0-2: Ball
1-2: Strikes out swinging
Batting: LHB Danny Montoya 0-0: Foul Ball, location: 2F
0-1: Ball
1-1: Foul Ball, location: 2F
1-2: Foul Ball, location: 2F
1-2: Ball
2-2: Fly out, F5 (Popup, 5F, EV 77.5 MPH)
Batting: RHB Alex Cardenas 0-0: Ball
1-0: Fly out, F9 (Flyball, 89M, EV 88.8 MPH)
Top of the 8th over - 0 runs, 0 hits, 0 errors, 0 left on base; Greenville 2 - Lake County 2
BOTTOM OF THE 8TH
Lake County Captains batting - Pitching for Greenville Drive : RHP Paul Carter
Pinch Hitting: LHB Vinny Carreno 0-0: Called Strike
0-1: Swinging Strike
0-2: Ball
1-2: Ball
2-2: Strikes out looking
Batting: LHB Jeff Palmowski 0-0: Foul Ball, location: 2F
0-1: Ball
1-1: Fly out, F7 (Flyball, 7S, EV 91.9 MPH)
Pinch Hitting: LHB Rich Walker 0-0: Called Strike
0-1: Swinging Strike
0-2: Strikes out looking
Bottom of the 8th over - 0 runs, 0 hits, 0 errors, 0 left on base; Greenville 2 - Lake County 2
TOP OF THE 9TH
Greenville Drive batting - Pitching for Lake County Captains : RHP Theodore Behr
Pitching: RHP Justin Stone
Now at 1B: Bill Ortiz
Now at 3B: Chris Diaz
Now at SS: Jeremy Givens
Batting: LHB Eddie Contreras 0-0: Ball
1-0: Ball
2-0: Called Strike
2-1: Ball
3-1: SOLO HOME RUN (Flyball, 89XD, EV 106.9 MPH), Distance : 419 ft
Batting: RHB Bobby Schimke 0-0: Called Strike
0-1: Ground out 5-3 (Groundball, 56S, EV 78.8 MPH)
Batting: RHB Ted Emmerich 0-0: Swinging Strike
0-1: Foul Ball, location: 2F
0-2: Strikes out swinging
Batting: RHB Roger Mitchell 0-0: Ball
1-0: Called Strike
1-1: Ball
2-1: Ball
3-1: Ground out 4-3 (Groundball, 4, EV 79.4 MPH)
Top of the 9th over - 1 run, 1 hit, 0 errors, 0 left on base; Greenville 3 - Lake County 2
BOTTOM OF THE 9TH
Lake County Captains batting - Pitching for Greenville Drive : RHP Paul Carter
Pitching: LHP Jason Salzer
Now at 2B: Bobby Schimke
Now at 3B: Roger Mitchell
Now at SS: Adugna Chandu
Batting: LHB Brandon Hopper 0-0: Swinging Strike
0-1: Ball
1-1: Swinging Strike
1-2: Ground out 6-3 (Groundball, 6, EV 90.0 MPH)
Batting: RHB Jeremy Givens 0-0: Foul Ball, location: 2F
0-1: Foul Ball, location: 2F
0-2: Foul Ball, location: 2F
0-2: Foul Ball, location: 2F
0-2: Ball
1-2: Strikes out swinging
Batting: RHB John Bianconi 0-0: Ball
1-0: Called Strike
1-1: Ball
2-1: Foul Ball, location: 2F
2-2: SINGLE (Line Drive, 78M, EV 93.1 MPH)
Batting: RHB Anibal Casteles 0-0: Called Strike
0-1: Ball
1-1: Ball
2-1: Ball
3-1: Base on Balls
John Bianconi to second
Batting: RHB Carlos Salazar 0-0: Swinging Strike
0-1: Ball
1-1: Ball
Wild Pitch!
John Bianconi to third
Anibal Casteles to second
2-1: Intentional Walk
Pinch Hitting: RHB Kenzo Shinoda 0-0: Ball
1-0: Swinging Strike
1-1: Ball
2-1: Reached on error, E4 (Groundball, 4, EV 88.8 MPH)
John Bianconi scores
Anibal Casteles to third
Carlos Salazar to second
Batting: RHB Chris Diaz 0-0: Foul Ball, location: 2F
0-1: Ball
1-1: Ball
2-1: Foul Ball, location: 2F
2-2: Ball
3-2: Hit by Pitch
Anibal Casteles scores
Carlos Salazar to third
Kenzo Shinoda to second
Bottom of the 9th over - 2 runs, 1 hit, 1 error, 3 left on base; Greenville 3 - Lake County 4
Tuesday, March 28th , 2023 - OOTP Baseball 23.10 Build 110